 Dungeon Crawl Stone Soup version 0.26-a0-710-g95a0c6c400 (webtiles) character file.

Game seed: 13230046907041253550

458 Glokmah the Magician (level 6, -6/45 HPs)
             Began as a Demonspawn Hedge Wizard on Oct 30, 2020.
             Was an Initiate of Dithmenos.
             Mangled by an ogre
             ... wielding a +0 giant spiked club
              (25 damage)
             ... on level 4 of the Dungeon.
             The game lasted 00:10:51 (4426 turns).

Glokmah the Magician (Demonspawn Hedge Wizard)      Turns: 4426, Time: 00:10:52

Health: -6/45      AC:  8    Str: 13    XL:     6   Next: 77%
Magic:  11/11      EV: 11    Int: 15    God:    Dithmenos [......]
Gold:   220        SH:  4    Dex: 12    Spells: 7/12 levels left

rFire    . . .     SeeInvis .   a - +7 whip "Cieha" {drain, +Blink Stlth+}
rCold    . . .     Faith    .   (no shield)
rNeg     . . .     Spirit   .   l - +0 ring mail
rPois    .         Reflect  .   c - +1 hat
rElec    .         Harm     .   i - +0 cloak
rCorr    .         Rampage  .   o - +0 pair of gloves
MR       .....                  (no boots)
Stlth    ++........             (no amulet)
HPRegen  0.15/turn              (no ring)
MPRegen  0.12/turn              (no ring)

@: no status effects
A: large bone plates 1, demonic guardian 1
a: Renounce Religion, Evoke Blink


You were on level 4 of the Dungeon.
You worshipped Dithmenos.
Dithmenos was noncommittal.
You visited 1 branch of the dungeon, and saw 4 of its levels.

You collected 220 gold pieces.

Inventory:

Hand Weapons
 a - the +7 whip "Cieha" (weapon) {drain, +Blink Stlth+}
   (You found it on level 4 of the Dungeon)

   A truly terrible weapon, it drains the life of those it strikes.
   It lets you blink.
   It makes you more stealthy.
Missiles
 b - 7 curare-tipped darts
 e - 18 poisoned darts (quivered)
 f - 76 stones
Armour
 c - a +1 hat (worn)
 h - a +0 leather armour
 i - a +0 cloak (worn)
 k - a +0 scale mail
 l - a +0 ring mail (worn)
 o - a +0 pair of gloves (worn)
Magical Staves
 r - an uncursed staff of death {unknown}
Jewellery
 p - an uncursed amulet of magic regeneration {unknown}
Potions
 d - a potion of ambrosia
 g - a potion of might
 j - 2 potions of curing
 m - a potion of haste
 n - a potion of heal wounds
 q - a potion of mutation {unknown}


   Skills:
 + Level 2.3 Fighting
 * Level 2.1 Maces & Flails
 + Level 2.0 Armour
 - Level 2.3 Dodging
 - Level 1.7 Stealth
 + Level 3.7 Spellcasting
 * Level 3.4 Conjurations
 - Level 2.0 Summonings
 - Level 2.0 Translocations


You had 7 spell levels left.
You knew the following spells:

 Your Spells              Type           Power        Failure   Level
a - Magic Dart            Conj           ##..         10%         1
b - Call Imp              Summ           #.......     26%         2
c - Blink                 Tloc           N/A          26%         2

Your spell library contained the following spells:

 Spells                   Type           Power        Failure   Level
 Slow                     Hex            #.......     52%         2
 Conjure Flame            Conj/Fire      #.......     52%         3
 Mephitic Cloud           Conj/Pois/Air  #.......     58%         3


Dungeon Overview and Level Annotations

Branches:
Dungeon (4/15)
 Temple: D:4-7

Altars:
Dithmenos
Uskayaw


Innate Abilities, Weirdness & Mutations

You are partially covered in large bone plates. (SH +4)
A weak demonic guardian rushes to your aid.


Message History

You see here a curved jewelled staff.
r - a curved jewelled staff The ogre shouts!
A worker ant comes into view.
You whack the ogre!
The ogre is heavily wounded.
The ogre misses you.
You hit the ogre. You drain the ogre.
The ogre is severely wounded.
The worker ant barely misses you.
The ogre hits you with a +0 giant spiked club!
You barely miss the ogre.
The ogre is severely wounded.
The worker ant barely misses you.
You closely miss the ogre.
The ogre is severely wounded.
You block the worker ant's attack.
The ogre hits you with a +0 giant spiked club!!
Ouch! That really hurt!
You die...

##........##
#?.........# .....#
#..........# .....#
#.........?# .....#
#..........##.....#
#..........##.....#
#...<............#
###...........5B....#
...............@O.#####
.####..................#
. #......)...........#
#..................# #
#..................# #
#....[.............###
...# ....#####..#......#
##.# .... #..#......# .
... #..#......#


You could see an ogre (drained), a worker ant and a friendly iron imp
(summoned).

Vanquished Creatures
  2 ogres (D:4)
  A big kobold (D:4)
  A bullfrog skeleton (D:3)
  2 iguanas (D:4)
  3 worker ants (D:4)
  4 adders
  2 oozes (D:1)
  3 dart slugs
  3 leopard geckos
  4 orcs (D:3)
  A ball python (D:4)
  A bat (D:1)
  5 giant cockroaches
  2 goblins (D:2)
  3 hobgoblins
  5 jackals
  2 kobolds
  A quokka (D:4)
  5 frilled lizards
  A quokka skeleton (D:4)
  11 rats
62 creatures vanquished.

Vanquished Creatures (collateral kills)
  2 worms (D:2)
  An orc (D:3)
  2 jackals (D:4)
5 creatures vanquished.

Grand Total: 67 creatures vanquished

Notes
Turn   | Place    | Note
-------+----------+-------------------------------------------
     0 | D:1      | Glokmah the Demonspawn Hedge Wizard began the quest for the
                  | Orb.
     0 | D:1      | Reached XP level 1. HP: 13/13 MP: 4/4
   527 | D:1      | Gained mutation: You are partially covered in large bone
                  | plates. (SH +4) [demonic ancestry]
   527 | D:1      | Reached XP level 2. HP: 10/20 MP: 6/6
   803 | D:1      | Learned a level 2 spell: Call Imp
   806 | D:1      | Learned a level 2 spell: Blink
   900 | D:1      | Reached skill level 1 in Translocations
  1493 | D:2      | Reached XP level 3. HP: 25/25 MP: 2/7
  1605 | D:2      | Reached skill level 1 in Fighting
  2458 | D:3      | Reached skill level 1 in Armour
  2603 | D:3      | Reached XP level 4. HP: 25/32 MP: 5/8
  3161 | D:3      | Found a shadowy altar of Dithmenos.
  3166 | D:3      | Became a worshipper of Dithmenos the Shadowed
  3722 | D:4      | Noticed an ogre
  3722 | D:4      | Noticed an ogre
  3871 | D:4      | Found a hide-covered altar of Uskayaw.
  3881 | D:4      | Got a slimy whip
  3884 | D:4      | Identified the +7 whip "Cieha" {drain, +Blink Stlth+} (You
                  | found it on level 4 of the Dungeon)
  4113 | D:4      | Gained mutation: A weak demonic guardian rushes to your
                  | aid. [demonic ancestry]
  4113 | D:4      | Reached XP level 5. HP: 32/37 MP: 10/10
  4185 | D:4      | Reached skill level 1 in Maces & Flails
  4188 | D:4      | Killed an ogre
  4188 | D:4      | Reached XP level 6. HP: 36/44 MP: 11/11
  4426 | D:4      | Mangled by an ogre

Illustrated notes

Levels and vault maps discovered:
D:1:      arrival_zaba_pyramid, layout_basic
D:2:      layout_rooms
D:3:      layout_loops_corners, overflow_temple_1_default
D:4:      layout_rooms, lemuel_doored_altar

Skill      XL: |  1  2  3  4  5  6 |
---------------+-------------------+-----
Dodging        | 2 |  2.3
Translocations | 1 2 |  2.0
Fighting       | 1 2 |  2.3
Armour         | 1 2 |  2.0
Conjurations   | 2 3 |  3.4
Summonings     | 2 |  2.0
Maces & Flails | 1 2 |  2.1
Stealth        | |  1.7
Spellcasting   | |  3.7

Action                   |  1- 3 |  4- 6 || total
-------------------------+-------+-------++-------
Melee: Mace              |    58 |       ||    58
       War axe           |    40 |    66 ||   106
       Whip              |       |    52 ||    52
 Cast: Magic Dart        |    40 |     2 ||    42
       Call Imp          |     5 |       ||     5
  Use: Scroll            |     6 |     7 ||    13
 Stab: Sleeping          |     3 |     2 ||     5
       Distracted        |       |     1 ||     1
Armor: Robe              |    24 |       ||    24
       Ring mail         |     7 |    34 ||    41
       Scale mail        |       |     2 ||     2
Dodge: Dodged            |    81 |    75 ||   156
Block: Other             |    14 |    15 ||    29

Table legend: (Time is in decaauts)
 A = Elapsed time spent in this place.
 B = Non-inter-level travel time spent in this place.
 C = Inter-level travel time spent in this place.
 D = Time resting spent in this place.
 E = Time spent auto-exploring this place.
 F = Levels seen in this place.
 G = Mean time per level.
                   A        B        C        D        E       F      G
               +--------+--------+--------+--------+--------+-----+--------+
         Total |   4506 |   4278 |    228 |   1247 |   1831 |   4 | 1126.5 |
       Dungeon |   4506 |   4278 |    228 |   1247 |   1831 |   4 | 1126.5 |
               +--------+--------+--------+--------+--------+-----+--------+

Top non-repeatable levels by time:
     D:1: 1430 daAuts
     D:3: 1366 daAuts
     D:2: 1043 daAuts
     D:4: 666 daAuts
